Map: King Sejong Station LE

Players

Elazer

  • Race: Zerg Zerg

Dark - Winner!

  • Race: Zerg Zerg

Event: 2016 WCS Global Finals

VOD

Have the link to the VOD?

Description

Time

  • Played on: Nov. 5, 2016, 2:53 p.m.
  • Length: 5:08

All games in this series

Show
View Real Time Build Order
Export as new Build Order

Elazer Zerg 

Build Orders: Hatch First 

Get SALT Encoding   

  12  0:00  Drone  
  13  0:12  Overlord  
  13  0:17  Drone  
  14  0:30  Drone x2  
  14  0:34  Drone  
  17  0:52  Hatchery  
  17  0:54  Drone  
  17  0:57  Drone  
  18  1:07  Extractor  
  17  1:11  Spawning Pool  
  17  1:16  Drone  
  17  1:18  Drone  
  18  1:27  Drone  
  19  1:38  Overlord  
  19  1:52  Drone  
  20  1:58  Queen  
  20  1:59  Drone  
  23  2:04  Zergling x2, Queen  
  23  2:06  Metabolic Boost  
  26  2:11  Drone  
  26  2:14  Drone  
  28  2:22  Drone  
  29  2:25  Drone  
  30  2:36  Hatchery  
  29  2:38  Drone  
  32  2:45  Queen  
  32  2:48  Overlord  
  32  2:50  Drone  
  33  2:52  Zergling x2  
  33  2:55  Drone  
  35  2:59  Drone  
  36  3:07  Drone x2  
  36  3:08  Zergling x4  
  36  3:12  Zergling x6  
  43  3:15  Zergling x2  
  44  3:21  Roach Warren  
  44  3:23  Overlord  
  43  3:28  Drone  
  43  3:31  Extractor  
  43  3:35  Drone  
  44  3:57  Queen x2  
  44  3:58  Zergling x4  
  44  3:59  Zergling x4  
  51  4:03  Roach x2  
  51  4:04  Roach  
  51  4:08  Overlord  
  57  4:21  Queen  
  57  4:23  Drone x2  
  49  4:34  Drone x5  
  49  4:35  Drone  
  49  4:41  Roach  
  47  4:47  Roach  
  47  4:48  Roach  
Show
View Real Time Build Order
Export as new Build Order

Dark Zerg - Winner!

Build Orders: Hatch First, Zergling Baneling 

Get SALT Encoding   

  12  0:00  Drone  
  13  0:13  Overlord  
  13  0:16  Drone  
  14  0:33  Drone x2  
  16  0:38  Drone  
  17  0:53  Hatchery  
  16  0:59  Drone  
  16  1:04  Drone  
  18  1:10  Extractor  
  17  1:17  Spawning Pool  
  16  1:19  Drone  
  16  1:21  Drone  
  18  1:30  Drone  
  19  1:41  Overlord  
  19  1:52  Drone  
  20  2:05  Zergling x2  
  20  2:06  Queen x2  
  20  2:07  Drone  
  26  2:12  Metabolic Boost  
  26  2:14  Drone  
  27  2:16  Drone  
  28  2:23  Drone  
  29  2:31  Baneling Nest  
  29  2:32  Zergling x2  
  29  2:33  Drone  
  30  2:40  Drone  
  31  2:49  Hatchery  
  30  2:53  Overlord  
  30  2:56  Drone  
  31  3:03  Drone  
  31  3:04  Drone  
  33  3:17  Zergling x12  
  33  3:18  Zergling x2  
  40  3:20  Zergling x2  
  40  3:21  Baneling  
  40  3:23  Baneling  
  40  3:24  Baneling x2  
  41  3:30  Overlord  
  41  3:34  Zergling x2  
  42  3:39  Baneling  
  42  3:43  Zergling x4  
  44  3:48  Zergling x2  
  45  3:58  Baneling x2  
  45  3:59  Zergling x12  
  50  4:08  Roach Warren  
  50  4:09  Zergling x2  
  50  4:12  Zergling x2  
  51  4:19  Zergling x2  
  49  4:29  Zergling x2  
  46  4:39  Drone x4  
  46  4:41  Overlord x2  
  46  4:42  Baneling x2, Overlord  
  46  4:45  Drone, Extractor  
Tags
 
Add a new tag
Caveats
  • Supply blocks, unpowered buildings, or Contaminate may cause inaccurate times.
  • Supply counts are checked every 10 seconds.